AoeStats
← Hello World

Black Forest

509546749Analyzed
4v4 RM · 6d ago on Sep 27, 2026· 70m 41s· 8 players
Game mode
Random Map
Map size
Large (8 player)
Population
200
Speed
Normal
Resources
Standard
Victory
Conquest
Starting age
Dark Age
Ending age
Imperial Age
RankedLock teamsTeams togetherTeam positionsShared explorationLock speedFull tech treeHidden civsTurbo modeCheats
Victory
Defeat
🇲🇽 Varangians · Mexico
1132
+14
🇨🇱 Britons · Chile
1076
+16
🇨🇳 Bohemians · China
1065
+17
🇦🇷 Spanish · Argentina
1064
+17
🇲🇽 Britons · Mexico
1107
-18
🇺🇸 Magyars · United States
1089
-16
🇲🇽 Celts · Mexico
1088
-16
🇨🇦 Mongols · Canada
1041
-14
juan_i87
2:09 Loom
11:55 Feudal Age
16:11 Castle Age
16:31 Double-Bit Axe
17:50 Wheelbarrow
18:03 Fishing Lines
25:56 Bow Saw
26:35 Gillnets
27:33 Fletching
28:17 Padded Archer Armor
28:38 Town Watch
28:38 Horse Collar
30:21 Hand Cart
33:55 Imperial Age
32:22 Heavy Plow
32:21 Bodkin Arrow
33:32 Scale Mail Armor
33:42 Forging
33:39 Pikeman
34:19 Squires
34:06 Gambesons
35:41 Chemistry
35:26 Ballistics
35:08 Bracer
36:05 Gold Mining
36:08 Stone Mining
35:44 Halberdier
36:48 Conscription
38:09 Iron Casting
37:50 Chain Mail Armor
37:51 Leather Archer Armor
39:53 Two-Man Saw
39:11 Town Patrol
40:12 Blast Furnace
40:31 Plate Mail Armor
41:21 Ring Archer Armor
44:42 Hoardings
47:01 Masonry
50:52 Architecture
51:41 Bombard Tower
55:51 Caravan
59:14 Murder Holes
66:56 Cavalier
67:37 Husbandry
67:48 Bloodlines
67:45 Husbandry
67:58 Bloodlines
70:21 Scale Barding Armor
Zoro gato
1:10 Loom
11:16 Feudal Age
16:21 Castle Age
15:30 Double-Bit Axe
15:27 Horse Collar
15:51 Gold Mining
18:32 Fletching
23:21 Town Watch
26:46 Bow Saw
27:00 Padded Archer Armor
28:06 Treadmill Crane
28:38 Masonry
28:05 Crossbowman
29:25 Wheelbarrow
33:36 Imperial Age
31:41 Hand Cart
31:26 Bodkin Arrow
31:46 Leather Archer Armor
32:06 Ballistics
33:42 Arbalester
33:45 Cranequins
35:57 Bracer
36:35 Leather Archer Armor
36:45 Siege Engineers
37:44 Chemistry
40:21 Conscription
41:24 Ring Archer Armor
41:30 Yeomen
41:43 Elite Skirmisher
44:27 Town Patrol
46:13 Heavy Mounted Crossbowman
48:03 Husbandry
48:54 Warwolf
50:17 Caravan
50:48 Coinage
54:03 Arrowslits
54:50 Architecture
57:42 Light Cavalry
59:54 Cavalier
60:38 Scale Mail Armor
60:46 Scale Barding Armor
60:51 Forging
62:58 Onager
Dr_muerte_23
11:03 Feudal Age
11:42 Double-Bit Axe
15:52 Castle Age
14:07 Fishing Lines
14:55 Loom
14:56 Horse Collar
17:34 Bow Saw
17:31 Gold Mining
20:02 Wheelbarrow
21:13 Caravan
24:12 Husbandry
25:39 Fervor
25:49 Hand Cart
25:19 Town Watch
26:53 Heavy Plow
27:12 Stone Mining
31:25 Imperial Age
29:46 Stone Shaft Mining
30:04 Scale Barding Armor
30:10 Forging
30:31 Bloodlines
30:48 Town Patrol
31:06 Arson
32:13 Chain Barding Armor
32:29 Iron Casting
33:40 Plate Barding Armor
32:56 Fletching
33:31 Ballistics
34:12 Chemistry
33:23 Masonry
32:55 Treadmill Crane
33:56 Conscription
32:58 Vendel Legacy
33:47 Squires
33:33 Gambesons
35:34 Blast Furnace
34:27 Fletching
35:28 Scale Mail Armor
34:55 Elite Jarl
37:22 Two-Man Saw
36:59 Crop Rotation
36:25 Gillnets
36:21 Gothikon
37:10 Pikeman
37:44 Halberdier
42:32 Chain Mail Armor
42:13 Bodkin Arrow
42:30 Elite Varangian Guard
48:10 Plate Mail Armor
47:45 Murder Holes
49:50 Bracer
50:37 Siege Engineers
51:08 Architecture
54:39 Light Cavalry
永不投降嘻嘻
11:05 Feudal Age
15:48 Castle Age
13:44 Double-Bit Axe
13:40 Horse Collar
18:31 Bow Saw
19:11 Heavy Plow
28:50 Imperial Age
26:08 Loom
29:05 Chemistry
29:21 Fletching
29:49 Masonry
31:29 Bodkin Arrow
32:11 Architecture
33:15 Two-Man Saw
32:38 Padded Archer Armor
33:38 Guard Tower
34:00 Bracer
34:44 Leather Archer Armor
35:23 Keep
34:59 Fortified Wall
34:38 Arrowslits
37:19 Ring Archer Armor
38:20 Siege Engineers
37:49 Pikeman
45:34 Wagenburg Tactics
45:50 Conscription
47:17 Elite Skirmisher
48:10 Forging
48:00 Scale Mail Armor
48:18 Husbandry
47:39 Light Cavalry
50:53 Chain Mail Armor
51:13 Iron Casting
60:05 Scale Barding Armor
61:01 Blast Furnace
unjugadorx
5:52 Loom
12:01 Feudal Age
12:42 Double-Bit Axe
13:51 Wheelbarrow
13:29 Horse Collar
18:56 Castle Age
17:45 Fishing Lines
18:14 Stone Mining
18:18 Gold Mining
19:53 Bow Saw
19:39 Gillnets
20:28 Stone Shaft Mining
23:24 Hand Cart
28:27 Gold Shaft Mining
29:42 Heavy Plow
30:38 Stronghold
34:48 Imperial Age
33:06 Forging
33:30 Town Watch
33:48 Scale Mail Armor
35:05 Chain Mail Armor
35:36 Masonry
35:59 Ballistics
36:39 Chemistry
35:30 Pikeman
35:55 Arson
37:08 Plate Mail Armor
37:14 Iron Casting
36:10 Heavy Scorpion
39:22 Blast Furnace
39:18 Siege Engineers
39:28 Halberdier
40:48 Murder Holes
40:53 Fletching
41:04 Padded Archer Armor
42:55 Conscription
43:08 Caravan
43:50 Furor Celtica
45:59 Capped Ram
46:55 Siege Ram
Condenados
2:19 Loom
11:50 Feudal Age
16:17 Castle Age
14:30 Double-Bit Axe
17:16 Stone Mining
17:39 Bow Saw
17:22 Fletching
24:13 Wheelbarrow
23:30 Horse Collar
26:54 Hand Cart
27:06 Bodkin Arrow
27:52 Heavy Plow
27:57 Padded Archer Armor
33:03 Imperial Age
32:57 Gold Mining
33:55 Leather Archer Armor
33:42 Scale Mail Armor
33:54 Forging
33:07 Pikeman
33:48 Squires
34:41 Conscription
34:46 Yeomen
34:58 Husbandry
34:19 Light Cavalry
35:56 Bracer
36:27 Ring Archer Armor
36:16 Scale Barding Armor
37:33 Ballistics
38:14 Chemistry
38:46 Iron Casting
37:45 Crossbowman
37:45 Elite Skirmisher
39:23 Chain Barding Armor
39:13 Elite Longbowman
41:50 Plate Barding Armor
42:26 Blast Furnace
42:41 Arbalester
46:19 Caravan
46:13 Cavalier
61:28 Capped Ram
Hello World
0:37 Loom
14:05 Feudal Age
15:16 Double-Bit Axe
20:40 Castle Age
19:06 Gold Mining
19:25 Fishing Lines
24:43 Bow Saw
24:29 Stone Mining
28:11 Gold Shaft Mining
31:56 Imperial Age
30:20 Wheelbarrow
30:15 Town Watch
32:59 Horse Collar
33:41 Bloodlines
33:31 Husbandry
34:50 Husbandry
35:35 Scale Barding Armor
37:07 Heavy Plow
37:15 Cavalier
38:30 Chain Barding Armor
39:08 Paladin
41:15 Plate Barding Armor
40:33 Fletching
43:00 Hand Cart
47:05 Town Patrol
49:22 Chemistry
48:43 Ballistics
48:05 Light Cavalry
49:39 Hussar
50:59 Siege Engineers
51:44 Conscription
53:37 Caravan
54:25 Treadmill Crane
58:46 Elite Skirmisher
59:27 Bodkin Arrow
59:35 Padded Archer Armor
61:11 Thumb Ring
62:37 Bracer
thegladiator989
4:29 Loom
11:20 Feudal Age
12:53 Wheelbarrow
13:20 Town Watch
15:53 Castle Age
13:45 Double-Bit Axe
13:59 Gold Mining
14:00 Stone Mining
13:55 Horse Collar
16:41 Heavy Plow
18:16 Fervor
27:39 Bow Saw
28:30 Caravan
28:25 Fletching
30:05 Hand Cart
31:16 Bodkin Arrow
31:21 Padded Archer Armor
32:33 Forging
32:29 Scale Barding Armor
35:18 Imperial Age
33:14 Masonry
33:25 Ballistics
33:15 Nomads
34:06 Iron Casting
33:47 Leather Archer Armor
33:35 Light Cavalry
34:26 Bloodlines
34:16 Husbandry
34:50 Chain Barding Armor
35:16 Town Patrol
36:33 Parthian Tactics
35:34 Hussar
36:38 Conscription
36:57 Hoardings
36:43 Drill
35:44 Elite Mangudai
37:05 Gold Shaft Mining
37:05 Stone Shaft Mining
36:31 Bracer
37:35 Siege Engineers
38:22 Coinage
37:31 Heavy Camel Rider
37:39 Heavy Scorpion
41:24 Blast Furnace
41:50 Capped Ram
43:40 Siege Ram
45:04 Siege Ram
Connection lost

Rejoining the realm…

Still unreachable

The connection could not be restored.

Session expired

The server has moved on; the page needs a fresh start.